 Dungeon Crawl Stone Soup version 0.26.1-10-gdfb7c7de75 (webtiles) character file.

Game seed: 12211658375388741739

478 olmar the Magician (level 7, -4/52 HPs)
             Began as a Gnoll Wanderer on Apr 9, 2021.
             Was an Initiate of Ru.
             Slain by a gnoll (6 damage)
             ... on level 4 of the Dungeon.
             The game lasted 00:06:12 (4399 turns).

olmar the Magician (Gnoll Wanderer)                 Turns: 4399, Time: 00:06:13

Health: -4/52      AC:  3    Str: 14    XL:     7   Next: 11%
Magic:  15/15      EV:  7    Int: 19    God:    Ru [......]
Gold:   60         SH:  0    Dex: 12    Spells: 17/17 levels left

rFire    . . .     SeeInvis .   k - +1 dagger (venom)
rCold    + . .     Faith    .   (no shield)
rNeg     . . .     Spirit   .   d - +0 robe
rPois    .         Reflect  .   (no helmet)
rElec    .         Harm     +   u - scarf {harm}
rCorr    .         Rampage  .   q - +0 pair of gloves (curse)
Will     .....                  (no boots)
Stlth    +.........             t - amulet of the acrobat (curse)
HPRegen  0.17/turn              v - ring of protection from cold
MPRegen  0.14/turn              (no ring)

@: confused, held
A: distributed training, fangs 1, strong nose
a: Renounce Religion


You were on level 4 of the Dungeon.
You worshipped Ru.
Ru was noncommittal.
You visited 2 branches of the dungeon, and saw 5 of its levels.

You collected 60 gold pieces.

Inventory:

Hand Weapons
 a - a +0 club
 c - a +0 mace
 k - a +1 dagger of venom (weapon)
 n - a +2 dagger of protection
Missiles
 o - a throwing net (quivered)
Armour
 d - a +0 robe (worn)
 q - a cursed +0 pair of gloves (worn)
 u - a scarf of harm (worn)
 x - a +0 helmet
Jewellery
 t - a cursed amulet of the acrobat (around neck)
 v - a ring of protection from cold (left hand)
Wands
 e - a wand of paralysis (6)
Scrolls
 b - 4 scrolls of random uselessness {unknown}
 f - 2 scrolls of fog {unknown}
 g - a scroll of amnesia {unknown}
 j - 2 scrolls of teleportation {unknown}
 l - 2 scrolls of identify {unknown}
 p - 2 scrolls of immolation {unknown}
 s - 2 scrolls of remove curse {unknown}
 y - a scroll of enchant armour {unknown}
Potions
 h - a potion of brilliance {unknown}
 i - 3 potions of attraction {unknown}
 m - a potion of ambrosia
 r - a potion of degeneration {unknown}


   Skills:
 + Level 3.4 Fighting
 + Level 2.2 Short Blades
 + Level 2.2 Long Blades
 + Level 2.2 Axes
 + Level 2.2 Maces & Flails
 + Level 2.2 Polearms
 + Level 2.2 Staves
 + Level 2.2 Slings
 + Level 2.2 Bows
 + Level 2.2 Crossbows
 + Level 2.2 Throwing
 + Level 2.2 Armour
 + Level 3.4 Dodging
 + Level 3.3 Stealth
 + Level 3.4 Shields
 + Level 2.2 Unarmed Combat
 + Level 5.5 Spellcasting
 + Level 1.8 Conjurations
 + Level 1.8 Hexes
 + Level 1.8 Summonings
 + Level 1.8 Necromancy
 + Level 1.8 Translocations
 + Level 1.8 Transmutations
 + Level 1.8 Fire Magic
 + Level 2.8 Ice Magic
 + Level 1.8 Air Magic
 + Level 1.8 Earth Magic
 + Level 4.2 Poison Magic
 + Level 2.5 Invocations
 + Level 3.4 Evocations


You had 17 spell levels left.
You didn't know any spells.
Your spell library contained the following spells:

 Spells                   Type           Power        Failure   Level
 Sting                    Tmut/Pois      64%          3%          1
 Foxfire                  Conj/Fire      48%          5%          1
 Spider Form              Tmut/Pois      8%           10%         3
 Conjure Flame            Conj/Fire      12%          17%         3


Dungeon Overview and Level Annotations

Branches:
Dungeon (4/15)             Temple (1/1) D:4

Altars:
Cheibriados
Elyvilon
Gozag
Makhleb
Okawaru
Qazlal
Ru
Sif Muna
Uskayaw
Vehumet
Wu Jian
Xom
Zin
The Shining One


Innate Abilities, Weirdness & Mutations

Your experience applies equally to all skills.
You have very sharp teeth.
Your uncanny sense of smell can sniff out nearby items.


Message History

The gnoll is lightly wounded.
The gnoll barely misses you. The gnoll hits you. The gnoll hits you!
Unknown command.
The gnoll hits you!
* * * LOW HITPOINT WARNING * * *
The gnoll barely misses you.
Okay, then.
The gnoll hits you.
* * * LOW HITPOINT WARNING * * *
It was a potion of ambrosia.
You are confused.
You feel invigorated.
The gnoll throws a throwing net.
The throwing net hits you.
You become entangled in the net!
The gnoll hits you with a +0 club.
* * * LOW HITPOINT WARNING * * *
Unknown command.
You struggle against the net.
The gnoll hits you!
* * * LOW HITPOINT WARNING * * *
The gnoll hits you.
You die...

#(#########†.#
#.#####...g.g......#
#.......###...⌠....#
..........#).†.....#
#######(#g#.⌠.>.⌠..#
#.#.#.)......#
#.#.....⌠....#
##g#g.....###.#
######.@g.###### .#
#......#g.# .#
#.####...## #.#
##.## #.# #.# #.#
#.# #.# #.# .. #.###
#.# #.# #...# .#


You could see 4 gnolls.

Vanquished Creatures
  Sigmund (D:2)
  A gnoll sergeant (D:3)
  A worker ant (D:4)
  Robin (D:2)
  7 gnolls
  4 adders
  An ooze (D:4)
  4 worms
  2 dart slugs
  4 leopard geckos
  3 orcs
  A ball python (D:1)
  6 bats
  4 giant cockroaches
  13 goblins
  12 hobgoblins
  6 jackals
  A quokka (D:3)
  5 frilled lizards
  8 kobolds
  11 rats
96 creatures vanquished.

Notes
Turn   | Place    | Note
-------+----------+-------------------------------------------
     0 | D:1      | olmar the Gnoll Wanderer began the quest for the Orb.
     0 | D:1      | olmar set off with the following items: a +0 club, a +0
                  | robe, a wand of paralysis (15); and the following spells
                  | available to memorise: Sting, Foxfire, Spider Form, Conjure
                  | Flame
     0 | D:1      | Reached XP level 1. HP: 17/17 MP: 6/6
   231 | D:1      | Reached XP level 2. HP: 21/23 MP: 7/7
   806 | D:1      | Reached XP level 3. HP: 27/28 MP: 9/9
   808 | D:1      | Reached skill level 5 in Spellcasting
  1046 | D:1      | Reached skill level 1 in Invocations
  1780 | D:2      | Noticed Robin
  1799 | D:2      | Reached skill level 1 in Short Blades
  1799 | D:2      | Reached skill level 1 in Long Blades
  1799 | D:2      | Reached skill level 1 in Axes
  1799 | D:2      | Reached skill level 1 in Maces & Flails
  1799 | D:2      | Reached skill level 1 in Polearms
  1799 | D:2      | Reached skill level 1 in Staves
  1799 | D:2      | Reached skill level 1 in Slings
  1799 | D:2      | Reached skill level 1 in Bows
  1799 | D:2      | Reached skill level 1 in Crossbows
  1799 | D:2      | Reached skill level 1 in Throwing
  1799 | D:2      | Reached skill level 1 in Armour
  1799 | D:2      | Reached skill level 1 in Unarmed Combat
  1836 | D:2      | Reached XP level 4. HP: 26/34 MP: 11/11
  1839 | D:2      | Killed Robin
  2501 | D:2      | Noticed Sigmund
  2511 | D:2      | Killed Sigmund
  2512 | D:2      | Reached skill level 1 in Conjurations
  2512 | D:2      | Reached skill level 1 in Hexes
  2512 | D:2      | Reached skill level 1 in Summonings
  2512 | D:2      | Reached skill level 1 in Necromancy
  2512 | D:2      | Reached skill level 1 in Translocations
  2512 | D:2      | Reached skill level 1 in Transmutations
  2512 | D:2      | Reached skill level 1 in Fire Magic
  2512 | D:2      | Reached skill level 1 in Air Magic
  2512 | D:2      | Reached skill level 1 in Earth Magic
  2512 | D:2      | Reached XP level 5. HP: 31/41 MP: 12/12
  2512 | D:2      | Reached XP level 6. HP: 36/47 MP: 13/13
  2861 | D:2      | You fall into a shaft and drop 1 floor!
  3873 | D:3      | Reached XP level 7. HP: 52/52 MP: 15/15
  4172 | D:4      | Found a hide-covered altar of Uskayaw.
  4228 | D:4      | Found a staircase to the Ecumenical Temple.
  4242 | Temple   | Entered the Ecumenical Temple
  4294 | Temple   | Became a worshipper of Ru the Awakened
  4399 | D:4      | HP: 2/52 [gnoll (9)]
  4399 | D:4      | Slain by a gnoll

Illustrated notes

Levels and vault maps discovered:
D:1:      mrwooster_arrival_arrow, layout_loops_ring, dk_noncrumbling_3,
          minmay_misc_feat_nine_boxes, minmay_misc_feat_ornament
D:2:      layout_loops_ring, grunt_ministairs_5, uniq_robin, uniq_sigmund
D:3:      layout_rooms
D:4:      layout_loops_ring, grunt_dithmenos_smoke,
          eat_drink_and_be_merry_uskayaw, temple_fountains, serial_shops, shop
Temple:   dshaligram_water_room_temple

Skill      XL: |  1  2  3  4  5  6 |
---------------+-------------------+-----
Ice Magic      | 2 |  2.8
Spellcasting   | 5 |  5.5
Invocations    | 1 2 |  2.5
Short Blades   | 1 2 |  2.2
Long Blades    | 1 2 |  2.2
Axes           | 1 2 |  2.2
Maces & Flails | 1 2 |  2.2
Polearms       | 1 2 |  2.2
Staves         | 1 2 |  2.2
Slings         | 1 2 |  2.2
Bows           | 1 2 |  2.2
Crossbows      | 1 2 |  2.2
Throwing       | 1 2 |  2.2
Armour         | 1 2 |  2.2
Unarmed Combat | 1 2 |  2.2
Fighting       | 3 |  3.4
Dodging        | 3 |  3.4
Stealth        | 3 |  3.3
Shields        | 3 |  3.4
Conjurations   | 1 |  1.8
Hexes          | 1 |  1.8
Summonings     | 1 |  1.8
Necromancy     | 1 |  1.8
Translocations | 1 |  1.8
Transmutations | 1 |  1.8
Fire Magic     | 1 |  1.8
Air Magic      | 1 |  1.8
Earth Magic    | 1 |  1.8
Poison Magic   | 4 |  4.2
Evocations     | 3 |  3.4

Action                   |  1- 3 |  4- 6 |  7- 9 || total
-------------------------+-------+-------+-------++-------
Melee: Mace              |   101 |    40 |       ||   141
       Club              |     7 |       |       ||     7
       Bite              |     6 |    12 |     3 ||    21
       Dagger            |       |   114 |    33 ||   147
       Punch             |       |     3 |     1 ||     4
Throw: Throwing net      |     3 |       |       ||     3
       Dart              |       |       |     2 ||     2
Evoke: Wand              |     3 |     5 |     1 ||     9
  Use: Potion            |       |       |     1 ||     1
 Stab: Sleeping          |     6 |     1 |     2 ||     9
       Paralysed         |     6 |    10 |       ||    16
       Distracted        |       |     1 |       ||     1
Armor: Robe              |    11 |    16 |     1 ||    28
Dodge: Dodged            |    68 |    80 |    18 ||   166
